[Event "January 9 Late 2024"]
[Site "https://www.chess.com"]
[Date "2024.01.09"]
[Round "5"]
[White "Melkumyan, Hrant"]
[Black "Principe, Gerson"]
[Result "1-0"]
[Board "42"]
[TimeControl "180+1"]
[WhiteFideId "13302485"]
[BlackFideId "3804550"]
[WhiteElo "2893"]
[BlackElo "2651"]
[WhiteTeam "ARM"]
[BlackTeam "PER"]
[WhiteClock "0:01:42"]
[BlackClock "0:00:19"]

1. Nf3 d5 2. d4 Nf6 3. Bf4 e6 4. e3 Bd6 5. Nbd2 Bxf4 6. exf4 O-O 7. Bd3 b6 8. Qe2 c5 9. c3 a5 10. O-O Ba6 11. Rfe1 Bxd3 12. Qxd3 g6 13. Ne5 Qc7 14. Qg3 Nc6 15. Qh4 Nd7 16. Ndf3 f6 17. Ng4 Rae8 18. Re2 Kh8 19. Ne3 Qd6 20. Rae1 Re7 21. g3 Rfe8 22. Ng4 Rf8 23. Kg2 b5 24. dxc5 Nxc5 25. Nxf6 e5 26. fxe5 Nxe5 27. Nxe5 Rxf6 28. Nxg6+ 1-0

[Event "January 9 Late 2024"]
[Site "https://www.chess.com"]
[Date "2024.01.09"]
[Round "5"]
[White "Kuzubov, Yuriy"]
[Black "Sun, Rick"]
[Result "1-0"]
[Board "43"]
[TimeControl "180+1"]
[WhiteFideId "14112906"]
[BlackFideId "30909481"]
[WhiteElo "2892"]
[BlackElo "2649"]
[WhiteTeam "UKR"]
[BlackTeam "USA"]
[WhiteClock "0:00:29"]
[BlackClock "0:00:10"]

1. d4 d6 2. Nf3 Nf6 3. g3 g6 4. Bg2 Bg7 5. O-O O-O 6. Re1 a6 7. a4 Nbd7 8. e4 e5 9. c3 Re8 10. Nbd2 b6 11. Qc2 Bb7 12. dxe5 Nxe5 13. Nxe5 Rxe5 14. f3 Qd7 15. Nc4 Re7 16. Bf4 Rae8 17. Red1 d5 18. Ne3 c6 19. Nc4 b5 20. Nd6 Rd8 21. axb5 axb5 22. Ra7 Rb8 23. Nf5 gxf5 24. Bxb8 fxe4 25. fxe4 Qd8 26. Bf4 Ng4 27. Rxb7 Rxb7 28. Bf3 Qb6+ 29. Kg2 Ne3+ 30. Bxe3 Qxe3 31. exd5 cxd5 32. Rxd5 Re7 33. Rxb5 Bf6 34. Rd5 Kg7 35. Qd2 Qb6 36. Rd6 Qc5 37. Rc6 Qb5 38. b4 Re5 39. c4 Qb8 40. b5 Rf5 41. Qd3 Qe5 42. b6 Qb2+ 43. Qe2 Qb1 44. b7 Re5 45. Qd2 Re7 46. Rxf6 Kxf6 47. Qf4+ Kg7 48. b8=Q Qc2+ 49. Kh3 Qg6 50. Qg4 Re6 51. Qxg6+ hxg6 52. Bg4 Rf6 53. Qb2 g5 54. Qe5 Kg6 55. Be2 g4+ 56. Kg2 Rc6 57. Bd3+ Kh6 58. Qf4+ Kg7 59. Qxg4+ Rg6 60. Qxg6+ fxg6 61. Bxg6 Kh8 62. Kf3 Kg7 63. Kf4 Kh6 64. Kf5 Kg7 65. g4 Kh6 66. g5+ Kg7 67. c5 Kf8 68. Kf6 Kg8 69. c6 Kf8 70. c7 Kg8 71. c8=Q# 1-0

[Event "January 9 Late 2024"]
[Site "https://www.chess.com"]
[Date "2024.01.09"]
[Round "5"]
[White "Goryachkina, Aleksandra"]
[Black "Santos Latasa, Jaime"]
[Result "1-0"]
[Board "44"]
[TimeControl "180+1"]
[WhiteFideId "4147103"]
[BlackFideId "2293307"]
[WhiteElo "2637"]
[BlackElo "2892"]
[WhiteTeam "FID"]
[BlackTeam "ESP"]
[WhiteClock "0:00:11"]
[BlackClock "0:00:21"]

1. e4 c5 2. Nf3 Nc6 3. Bb5 e6 4. Bxc6 bxc6 5. d3 Ne7 6. Qe2 Qc7 7. e5 f6 8. Nbd2 fxe5 9. Nxe5 d6 10. Nec4 Nf5 11. c3 Be7 12. O-O O-O 13. f4 e5 14. Nf3 exf4 15. Bxf4 Ba6 16. Rae1 Rae8 17. Qe6+ Kh8 18. Ng5 Bxc4 19. dxc4 Nh6 20. Qe4 Bxg5 21. Qxe8 Rxe8 22. Rxe8+ Ng8 23. Bxg5 h6 24. Bd8 Qb7 25. Rff8 Qxb2 26. Rxg8+ Kh7 27. h4 Qc1+ 28. Kh2 Qf4+ 29. Kh3 Qf5+ 30. Kg3 Qd3+ 31. Kh2 Qxc4 32. h5 Qg4 33. Rh8# 1-0

[Event "January 9 Late 2024"]
[Site "https://www.chess.com"]
[Date "2024.01.09"]
[Round "5"]
[White "Poltorak, Sebastian"]
[Black "Tang, Andrew"]
[Result "0-1"]
[Board "45"]
[TimeControl "180+1"]
[WhiteFideId "1199498"]
[BlackFideId "2059630"]
[WhiteElo "2632"]
[BlackElo "2890"]
[WhiteTeam "POL"]
[BlackTeam "USA"]
[WhiteClock "0:00:00"]
[BlackClock "0:00:10"]

1. d4 d5 2. c4 e6 3. Nc3 Be7 4. cxd5 exd5 5. Bf4 c6 6. e3 Bf5 7. Bd3 Bxd3 8. Qxd3 Nf6 9. Nf3 Nh5 10. Be5 Nd7 11. g4 Nhf6 12. Rg1 Qa5 13. O-O-O b5 14. Kb1 b4 15. Ne2 Ne4 16. Rgf1 f6 17. Bf4 g5 18. Bg3 Nb6 19. Nd2 Nxd2+ 20. Rxd2 Nc4 21. Rc2 Qb5 22. Nc1 a5 23. Rd1 a4 24. e4 O-O 25. f4 Ra7 26. h4 Rfa8 27. fxg5 b3 28. Rf2 a3 29. Qxb3 axb2 30. Rxb2 Qa6 31. exd5 cxd5 32. Ka1 Nxb2 33. Qxb2 Ba3 34. Qc2 Bxc1 35. Rxc1 Qxa2+ 36. Qxa2 Rxa2+ 37. Kb1 Ra1+ 38. Kb2 R8a2+ 39. Kb3 Ra3+ 40. Kb4 Rxc1 41. Bd6 Ra6 42. gxf6 Rxd6 0-1

[Event "January 9 Late 2024"]
[Site "https://www.chess.com"]
[Date "2024.01.09"]
[Round "5"]
[White "Tristan, Leonardo"]
[Black "Grigoriants, Sergey"]
[Result "0-1"]
[Board "46"]
[TimeControl "180+1"]
[WhiteFideId "113816"]
[BlackFideId "4130804"]
[WhiteElo "2762"]
[BlackElo "2885"]
[WhiteTeam "ARG"]
[BlackTeam "HUN"]
[WhiteClock "0:00:11"]
[BlackClock "0:00:14"]

1. d4 Nf6 2. Nf3 d5 3. Bf4 c5 4. e3 Nc6 5. c3 Qb6 6. Qc2 g6 7. Nbd2 Bf5 8. dxc5 Qxc5 9. Qb3 Na5 10. Qb4 Qxb4 11. cxb4 Nc6 12. b5 Nb4 13. Nd4 Bd3 14. a3 Bxf1 15. axb4 Bxg2 16. Rg1 Bh3 17. b6 a6 18. Nb5 Rc8 19. Nc7+ Kd7 20. Nxa6 Kc6 21. Bc7 bxa6 22. Nb3 Rxc7 23. bxc7 Kxc7 24. Rxa6 Bc8 25. Ra7+ Kb8 26. Ra5 e6 27. Nc5 Ne4 28. Ke2 Nxc5 29. bxc5 Kc7 30. b4 Bb7 31. Rc1 Be7 32. b5 Bxc5 33. b6+ Kxb6 34. Raxc5 Ba6+ 35. Kf3 Bc4 36. R5xc4 dxc4 37. Rxc4 Rd8 38. Kg4 Rd5 39. Rf4 h5+ 40. Kg3 Rf5 41. Rxf5 exf5 42. Kf4 f6 43. e4 fxe4 44. Kxe4 Kc6 45. f4 Kd6 46. h4 Ke6 47. f5+ gxf5+ 48. Kf4 Ke7 49. Kxf5 Kf7 50. Kf4 Ke6 51. Ke4 f5+ 52. Kf4 Kf6 53. Kf3 Ke5 54. Ke3 f4+ 55. Kd3 Kf5 56. Kd4 Kg4 57. Ke4 f3 58. Ke3 Kg3 59. Ke4 f2 60. Kf5 Kxh4 61. Kf4 f1=Q+ 62. Ke3 Kg3 63. Kd4 h4 64. Kc5 h3 65. Kb6 h2 66. Ka7 h1=Q 67. Kb8 Qb5+ 68. Ka7 Qhb7# 0-1

[Event "January 9 Late 2024"]
[Site "https://www.chess.com"]
[Date "2024.01.09"]
[Round "5"]
[White "Espinoza Villanueva, Rodrigo"]
[Black "Bernadskiy, Vitaliy"]
[Result "1-0"]
[Board "47"]
[TimeControl "180+1"]
[WhiteFideId "5140188"]
[BlackFideId "14100371"]
[WhiteElo "2592"]
[BlackElo "2871"]
[WhiteTeam "MEX"]
[BlackTeam "UKR"]
[WhiteClock "0:00:42"]
[BlackClock "0:01:11"]

1. e4 a6 2. d4 c6 3. Bd3 d5 4. Nf3 dxe4 5. Bxe4 Nf6 6. Bd3 Bg4 7. c3 Nbd7 8. Nbd2 e6 9. O-O Be7 10. Re1 O-O 11. Qc2 c5 12. h3 Bh5 13. Be2 Rc8 14. dxc5 Nxc5 15. Ne5 Bxe2 16. Rxe2 Qd5 17. Ndf3 h6 18. Bf4 Nce4 19. Rd1 Qxa2 20. Rxe4 Nxe4 21. Qxe4 Qxb2 22. Rd7 Bf6 23. Ng4 Qxc3 24. Qxb7 a5 25. Bd6 Rfd8 26. Rxf7 Bd4 27. Be5 Bxe5 28. Nfxe5 Kh8 29. Rxg7 Qc1+ 30. Kh2 Qf4+ 31. g3 1-0

[Event "January 9 Late 2024"]
[Site "https://www.chess.com"]
[Date "2024.01.09"]
[Round "5"]
[White "Durarbayli, Vasif"]
[Black "Bellahcene, Bilel"]
[Result "0-1"]
[Board "48"]
[TimeControl "180+1"]
[WhiteFideId "13402935"]
[BlackFideId "696358"]
[WhiteElo "2864"]
[BlackElo "2583"]
[WhiteTeam "AZE"]
[BlackTeam "ALG"]
[WhiteClock "0:00:00"]
[BlackClock "0:00:19"]

1. e4 c5 2. Nf3 Nc6 3. d4 cxd4 4. Nxd4 e5 5. Nb5 d6 6. N5c3 Be6 7. Be2 Nd4 8. Be3 Nxe2 9. Qxe2 Nf6 10. O-O Be7 11. Rd1 O-O 12. Nd2 a6 13. Bg5 Rc8 14. Nf1 Qb6 15. Bxf6 Bxf6 16. Rab1 Bg5 17. Nd5 Bxd5 18. Rxd5 Rc5 19. Rxc5 Qxc5 20. Rd1 Rc8 21. c3 Rc6 22. Qg4 Bh6 23. Qd7 g6 24. Qxb7 Rb6 25. Qa8+ Kg7 26. b3 Qxc3 27. Qd8 Qc5 28. Rd5 Qc6 29. g3 Bc1 30. h4 h5 31. Nh2 Ba3 32. Nf3 Rb5 33. Rxb5 axb5 34. Ng5 Bc1 35. Nf3 Qxe4 36. Kg2 Qd5 37. Qc7 Ba3 38. Qc3 Bc5 39. Kg1 b4 0-1

[Event "January 9 Late 2024"]
[Site "https://www.chess.com"]
[Date "2024.01.09"]
[Round "5"]
[White "Chan, Yi Ren Daniel"]
[Black "Silva, Kaua Marques"]
[Result "1-0"]
[Board "49"]
[TimeControl "180+1"]
[WhiteFideId "5801583"]
[BlackFideId "22701168"]
[WhiteElo "2858"]
[BlackElo "2582"]
[WhiteTeam "SGP"]
[BlackTeam "BRA"]
[WhiteClock "0:00:58"]
[BlackClock "0:00:00"]

1. e4 e6 2. Nf3 d5 3. Nc3 Nf6 4. e5 Nfd7 5. d4 c5 6. dxc5 Nc6 7. Bf4 Bxc5 8. Bd3 h6 9. h4 a6 10. Qe2 b5 11. O-O-O Qa5 12. Kb1 Nb4 13. a3 Nxd3 14. Rxd3 Qb6 15. g4 Bb7 16. Rhd1 Bxf2 17. g5 hxg5 18. Bxg5 Bc5 19. Rf1 Qc7 20. Qh2 Bc6 21. Qf4 f6 22. exf6 Qxf4 23. fxg7 Qf8 24. gxf8=Q+ Rxf8 25. Re1 Kf7 26. Be3 Bxe3 27. Rdxe3 Rh8 28. Rxe6 Rac8 29. Re7+ Kf8 30. Nd4 Rh6 31. Nxc6 Rcxc6 32. Rxd7 1-0

[Event "January 9 Late 2024"]
[Site "https://www.chess.com"]
[Date "2024.01.09"]
[Round "5"]
[White "Taboas Rodriguez, Daniel"]
[Black "Zubritskiy, Artyom"]
[Result "1-0"]
[Board "50"]
[TimeControl "180+1"]
[WhiteFideId "2208466"]
[BlackFideId "4181247"]
[WhiteElo "2578"]
[BlackElo "2849"]
[WhiteTeam "ESP"]
[BlackTeam "FID"]
[WhiteClock "0:00:10"]
[BlackClock "0:00:00"]

1. d4 Nf6 2. Nf3 g6 3. c4 Bg7 4. Nc3 O-O 5. e4 d6 6. Be2 e5 7. dxe5 dxe5 8. Qxd8 Rxd8 9. Bg5 Re8 10. Nd5 Nxd5 11. cxd5 c6 12. Bc4 cxd5 13. Bxd5 Nc6 14. O-O-O Bg4 15. Kb1 Nd4 16. Nxd4 Bxd1 17. Nb5 Be2 18. Nc7 Rac8 19. Nxe8 Bd3+ 20. Ka1 Rxe8 21. Bxb7 f5 22. f3 h6 23. Be3 a6 24. Rd1 Be2 25. Re1 Bd3 26. Rd1 Be2 27. Rd6 Bf1 28. g3 Be2 29. Rxg6 Bxf3 30. Bxh6 Kh7 31. Rxg7+ Kxh6 32. Rf7 fxe4 33. Kb1 Kg6 34. Rc7 Rd8 35. Kc2 Bd1+ 36. Kc1 e3 37. Rc3 e2 38. Re3 Ba4 39. b3 Rd1+ 40. Kc2 Bb5 41. Be4+ Kf6 42. a4 e1=Q 43. Rxe1 Rxe1 44. Bb7 1-0

[Event "January 9 Late 2024"]
[Site "https://www.chess.com"]
[Date "2024.01.10"]
[Round "5"]
[White "Remizov, Yaroslav"]
[Black "Kandil, Ahmed"]
[Result "1-0"]
[Board "51"]
[TimeControl "180+1"]
[WhiteFideId "34134015"]
[BlackFideId "10628401"]
[WhiteElo "2848"]
[BlackElo "2574"]
[WhiteTeam "RUS"]
[BlackTeam "EGY"]
[WhiteClock "0:00:29"]
[BlackClock "0:00:25"]

1. e4 e5 2. Nf3 Nc6 3. Nc3 Nf6 4. Be2 Be7 5. d4 exd4 6. Nxd4 O-O 7. Nxc6 dxc6 8. Qxd8 Rxd8 9. Bf4 Ne8 10. O-O Be6 11. Rfd1 Nd6 12. Rd2 Nc4 13. Rxd8+ Rxd8 14. Bxc7 Rd2 15. Bd3 Nxb2 16. Bf4 Rxd3 17. cxd3 Nxd3 18. Be3 Bf6 19. Rd1 Bc4 20. Ne2 Kf8 21. Bxa7 c5 22. Nc1 Nf4 23. Bxc5+ Ke8 24. Bd4 Be7 25. Bxg7 Ba3 26. g3 Bxc1 27. gxf4 Bxf4 28. a3 Ke7 29. Bd4 Bd6 30. Rc1 Bd3 31. f3 b5 32. Bc5 Bc4 33. Bb4 Ke6 34. Bxd6 Kxd6 35. Kf2 Kc5 36. Ke3 Kb6 37. Kd4 Be6 38. Kc3 Ka5 39. Rg1 Ka4 40. Kb2 h5 41. Rg5 h4 42. Rh5 h3 43. f4 Bg4 44. Rh4 Bf3 45. f5 Bg2 46. e5+ b4 47. Rxb4+ Ka5 48. e6 1-0

[Event "January 9 Late 2024"]
[Site "https://www.chess.com"]
[Date "2024.01.09"]
[Round "5"]
[White "Srdanovic, Jovana"]
[Black "Beerdsen, Thomas"]
[Result "0-1"]
[Board "52"]
[TimeControl "180+1"]
[WhiteFideId "954810"]
[BlackFideId "1030108"]
[WhiteElo "2564"]
[BlackElo "2844"]
[WhiteTeam "SRB"]
[BlackTeam "NED"]
[WhiteClock "0:00:48"]
[BlackClock "0:02:28"]

1. d4 Nf6 2. c4 a6 3. Nc3 b5 4. cxb5 axb5 5. Nxb5 e5 6. dxe5 Ne4 7. Nc3 Bb4 8. Qd4 Ra4 9. Qe3 Bc5 10. Qf3 Bxf2+ 11. Kd1 Nxc3+ 12. bxc3 Bb6 13. Nh3 Qe7 14. Qg3 Nc6 15. Qxg7 Qxe5 16. Qxe5+ Nxe5 17. Bg5 Rg8 18. Bf6 Ng4 19. Bh4 Ne3+ 20. Kc1 Rxh4 21. a4 Bb7 22. a5 Ba7 23. Kd2 Nxf1+ 24. Rhxf1 Bxg2 0-1

[Event "January 9 Late 2024"]
[Site "https://www.chess.com"]
[Date "2024.01.09"]
[Round "5"]
[White "Pichot, Alan"]
[Black "Pasti, Aron"]
[Result "1-0"]
[Board "53"]
[TimeControl "180+1"]
[WhiteFideId "110973"]
[BlackFideId "785857"]
[WhiteElo "2844"]
[BlackElo "2563"]
[WhiteTeam "ESP"]
[BlackTeam "HUN"]
[WhiteClock "0:00:38"]
[BlackClock "0:00:58"]

1. Nf3 d5 2. b3 Nf6 3. Bb2 Bg4 4. e3 e6 5. h3 Bh5 6. g4 Bg6 7. Bg2 Nbd7 8. d3 Bd6 9. Nbd2 O-O 10. Nh4 a5 11. a3 c5 12. g5 Nh5 13. Nxg6 hxg6 14. h4 f6 15. Qg4 f5 16. Qe2 f4 17. c4 fxe3 18. Qxe3 Nf4 19. Bh3 d4 20. Qe4 Ne5 21. Bf1 Ng4 22. Nf3 Rf5 23. Bh3 Ne5 24. Bxf5 exf5 25. Qxb7 Rb8 26. Qa7 Nxf3+ 27. Kd1 Nxd3 28. Kc2 Nxf2 29. Rhf1 d3+ 30. Kb1 Ne4 31. Qxg7# 1-0

[Event "January 9 Late 2024"]
[Site "https://www.chess.com"]
[Date "2024.01.09"]
[Round "5"]
[White "Zarnicki, Pablo"]
[Black "Bryakin, Mikhail"]
[Result "0-1"]
[Board "54"]
[TimeControl "180+1"]
[WhiteFideId "100137"]
[BlackFideId "4165314"]
[WhiteElo "2553"]
[BlackElo "2836"]
[WhiteTeam "ARG"]
[BlackTeam "SRB"]
[WhiteClock "0:00:13"]
[BlackClock "0:00:05"]

1. e4 d6 2. d4 Nf6 3. Nc3 e5 4. Nf3 Nbd7 5. Bc4 Be7 6. O-O O-O 7. Re1 c6 8. a4 Qc7 9. Ba2 h6 10. dxe5 dxe5 11. Nh4 Nc5 12. Qf3 Be6 13. Nf5 Bxf5 14. Qxf5 a5 15. Bxh6 gxh6 16. Qg6+ Kh8 17. Qxh6+ Nh7 18. Re3 Bg5 19. Qh5 Bxe3 20. fxe3 Qe7 21. h4 Ne6 22. Rf1 f6 23. Ne2 Rae8 24. Ng3 Qf7 25. Qf3 Rg8 26. Nf5 Qg6 27. Rf2 Nhf8 28. Nd6 Re7 29. Nf5 Rd7 30. Qe2 Qg4 31. Qc4 Rd1+ 32. Kh2 Ra1 33. Bb3 Re1 34. Qd3 Rd1 35. Qc4 Re1 36. Qc3 Qd1 37. Ng3 Rg1 38. Rd2 Qe1 39. Rd6 Qxg3+ 40. Kxg1 Qxg2# 0-1

[Event "January 9 Late 2024"]
[Site "https://www.chess.com"]
[Date "2024.01.09"]
[Round "5"]
[White "Troff, Kayden"]
[Black "Suder, Jakub"]
[Result "1-0"]
[Board "55"]
[TimeControl "180+1"]
[WhiteFideId "2047896"]
[BlackFideId "1195310"]
[WhiteElo "2828"]
[BlackElo "2547"]
[WhiteTeam "USA"]
[BlackTeam "POL"]
[WhiteClock "0:02:13"]
[BlackClock "0:02:05"]

1. d4 d5 2. Nf3 Nf6 3. Bf4 c5 4. e3 Nc6 5. Nc3 a6 6. dxc5 e6 7. Na4 Nd7 8. Be2 Nxc5 9. Nxc5 Bxc5 10. O-O O-O 11. Rc1 Qe7 12. c4 Rd8 13. cxd5 Rxd5 14. Qc2 Ba7 15. Rfd1 Rxd1+ 16. Rxd1 Bd7 17. Ng5 g6 18. Ne4 f6 19. Rxd7 Qxd7 20. Nxf6+ 1-0

[Event "January 9 Late 2024"]
[Site "https://www.chess.com"]
[Date "2024.01.09"]
[Round "5"]
[White "Rustemov, Alexander"]
[Black "Dubnevych, Maksym"]
[Result "1/2-1/2"]
[Board "56"]
[TimeControl "180+1"]
[WhiteFideId "4119002"]
[BlackFideId "14184001"]
[WhiteElo "2821"]
[BlackElo "2547"]
[WhiteTeam "RUS"]
[BlackTeam "UKR"]
[WhiteClock "0:00:06"]
[BlackClock "0:00:04"]

1. d4 Nf6 2. c4 e6 3. Nf3 Bb4+ 4. Bd2 Qe7 5. g3 Nc6 6. Nc3 d6 7. d5 exd5 8. cxd5 Ne5 9. Nxe5 dxe5 10. Bg2 O-O 11. O-O Rd8 12. Bg5 h6 13. Bxf6 Qxf6 14. Qb3 Bf8 15. Rac1 Qb6 16. Qxb6 cxb6 17. a3 Bd7 18. Rfd1 Rac8 19. e3 a6 20. d6 Bc6 21. Bh3 Bd7 22. Bg2 Bc6 23. Bxc6 Rxc6 24. d7 Rc7 25. Na4 Rcxd7 26. Rxd7 Rxd7 27. Nxb6 Rd2 28. Nc4 Rd5 29. Rc2 e4 30. Nd2 f5 31. Kf1 Be7 32. Ke2 Bf6 33. b3 Rd7 34. Rc5 g6 35. a4 Kf7 36. h3 Ke6 37. g4 Be7 38. Rc8 Bb4 39. Nf1 Rd3 40. Rb8 Rxb3 41. Rxb7 Rb2+ 42. Kd1 Kd5 43. gxf5 gxf5 44. Ng3 Kc4 45. Nxf5 Rd2+ 46. Kc1 Rxf2 47. Rc7+ Kd3 48. Rd7+ Kc3 49. Rc7+ Kd3 50. Rd7+ Kc3 51. Rc7+ Kd3 1/2-1/2

[Event "January 9 Late 2024"]
[Site "https://www.chess.com"]
[Date "2024.01.10"]
[Round "5"]
[White "Velikanov, Alexander"]
[Black "Otero Marino, Alain"]
[Result "1-0"]
[Board "57"]
[TimeControl "180+1"]
[WhiteFideId "2039290"]
[BlackFideId "3524876"]
[WhiteElo "2803"]
[BlackElo "2529"]
[WhiteTeam "USA"]
[BlackTeam "CUB"]
[WhiteClock "0:00:44"]
[BlackClock "0:01:39"]

1. e4 e6 2. d4 d5 3. exd5 exd5 4. h3 Bd6 5. c4 c6 6. c5 Bc7 7. Qc2 Ne7 8. Bd3 g6 9. Bg5 O-O 10. Nf3 f6 11. Bh6 Rf7 12. O-O Bf5 13. Nc3 Nd7 14. Rfe1 Bxd3 15. Qxd3 Nf5 16. Bd2 Nf8 17. b4 a6 18. a4 Re7 19. g4 Ng7 20. b5 axb5 21. axb5 Rxa1 22. Rxa1 h5 23. b6 Bb8 24. Nh4 Qe8 25. Kg2 hxg4 26. hxg4 Kf7 27. Ra8 Qc8 28. Qf3 Re8 29. Bf4 Nd7 30. Qd3 f5 31. gxf5 gxf5 32. Nxf5 Ne6 33. Nd6+ Bxd6 34. Qh7+ Kf6 35. Rxc8 Nxf4+ 36. Kf3 Rxc8 37. Qxd7 Rh8 38. Qxd6+ Ne6 39. Qe5+ Kf7 40. Qxh8 Ng5+ 41. Ke2 Ne6 42. Qb8 Nxd4+ 43. Kd3 Ne6 44. Qxb7+ Kf8 45. Qxc6 Ke7 46. Nxd5+ Kf7 47. Qd7+ Kg6 48. Qxe6+ Kg5 49. b7 Kh4 50. b8=Q Kg5 51. Qg3+ Kh5 52. Nf4# 1-0

[Event "January 9 Late 2024"]
[Site "https://www.chess.com"]
[Date "2024.01.09"]
[Round "5"]
[White "Novik, Maxim"]
[Black "Wafa, Hamed"]
[Result "0-1"]
[Board "58"]
[TimeControl "180+1"]
[WhiteFideId "4102924"]
[BlackFideId "10628452"]
[WhiteElo "2512"]
[BlackElo "2795"]
[WhiteTeam "LTU"]
[BlackTeam "EGY"]
[WhiteClock "0:00:00"]
[BlackClock "0:00:11"]

1. e4 e5 2. Nf3 Nc6 3. Bc4 Bc5 4. d3 Nf6 5. O-O O-O 6. c3 d6 7. Re1 a6 8. Bb3 Ba7 9. Nbd2 Be6 10. Bc2 Ne7 11. Nf1 Ng6 12. Ng3 Re8 13. h3 h6 14. d4 Qd7 15. Be3 Qd8 16. Qd2 Nh7 17. Rad1 Nh4 18. Nh2 Qf6 19. Qe2 Qg6 20. Kh1 Ng5 21. dxe5 dxe5 22. Bxa7 Rxa7 23. Ng4 Bc8 24. Nxe5 Rxe5 25. Rd8+ Kh7 26. Rxc8 Ne6 27. Qe3 b6 28. Nf5 Qf6 29. Qg3 Nxf5 30. Qh2 Nd6 31. f3 Nxc8 32. Rd1 Nd6 33. Qg1 Ra8 34. Qe3 Qf4 0-1

[Event "January 9 Late 2024"]
[Site "https://www.chess.com"]
[Date "2024.01.09"]
[Round "5"]
[White "Silva Lucena, Cristian"]
[Black "Badmatsyrenov, Oleg"]
[Result "0-1"]
[Board "59"]
[TimeControl "180+1"]
[WhiteFideId "2232588"]
[BlackFideId "24115762"]
[WhiteElo "2497"]
[BlackElo "2788"]
[WhiteTeam "ESP"]
[BlackTeam "FID"]
[WhiteClock "0:00:03"]
[BlackClock "0:00:09"]

1. Nf3 c5 2. e4 e6 3. d4 cxd4 4. Nxd4 a6 5. Nc3 b5 6. g3 Bb7 7. Bg2 Nf6 8. O-O b4 9. Nd5 exd5 10. exd5 Bc5 11. Re1+ Kf8 12. Nf5 d6 13. Qd2 h6 14. a3 a5 15. axb4 axb4 16. Rxa8 Bxa8 17. Qf4 Bb7 18. b3 Bc8 19. Ne7 Nbd7 20. Nc6 Qb6 21. Bb2 Bb7 22. h3 h5 23. Kh2 h4 24. g4 Bxf2 25. Qxd6+ Kg8 26. Ne7+ Kh7 27. Qxb6 Nxb6 28. Rd1 Bg3+ 29. Kh1 Re8 30. Nf5 Ne4 31. Bxe4 Rxe4 32. Nxg3 hxg3 33. Kg2 Nxd5 34. Kxg3 Re3+ 35. Kh4 f6 36. g5 Bc8 37. gxf6 gxf6 38. Rxd5 Rxh3# 0-1

[Event "January 9 Late 2024"]
[Site "https://www.chess.com"]
[Date "2024.01.09"]
[Round "5"]
[White "Sokolovsky, Yahli"]
[Black "Bellissimo, Joseph F."]
[Result "0-1"]
[Board "60"]
[TimeControl "180+1"]
[WhiteFideId "2820242"]
[BlackFideId "2609843"]
[WhiteElo "2782"]
[BlackElo "2495"]
[WhiteTeam "ISR"]
[BlackTeam "CAN"]
[WhiteClock "0:01:42"]
[BlackClock "0:02:18"]

1. b3 e5 2. Bb2 Nc6 3. e3 d5 4. Nf3 f6 5. d4 e4 6. Nfd2 Nce7 7. c4 c6 8. Nc3 f5 9. f3 Nf6 10. Qc2 Be6 11. O-O-O g6 12. g4 Bh6 13. gxf5 Nxf5 14. Re1 Nxe3 15. Qb1 O-O 16. Be2 exf3 17. Bxf3 Bf5 0-1

[Event "January 9 Late 2024"]
[Site "https://www.chess.com"]
[Date "2024.01.09"]
[Round "5"]
[White "Reprintsev, Alexander"]
[Black "Krzyzanowski, Marcin"]
[Result "0-1"]
[Board "61"]
[TimeControl "180+1"]
[WhiteFideId "14100541"]
[BlackFideId "1132199"]
[WhiteElo "2490"]
[BlackElo "2775"]
[WhiteTeam "UKR"]
[BlackTeam "POL"]
[WhiteClock "0:00:06"]
[BlackClock "0:01:36"]

1. e4 c6 2. Nf3 d5 3. Nc3 dxe4 4. Nxe4 Nf6 5. Qe2 Nxe4 6. Qxe4 Nd7 7. d4 Nf6 8. Qd3 Qa5+ 9. Bd2 Qf5 10. Ne5 Qxd3 11. Bxd3 g6 12. a4 Bg7 13. a5 Nd7 14. Nf3 O-O 15. O-O c5 16. Rfe1 e6 17. c3 cxd4 18. cxd4 Nf6 19. Ne5 Rd8 20. Be3 Nd5 21. Nf3 Nxe3 22. fxe3 Bd7 23. Be4 Rab8 24. Nd2 Bb5 25. Rac1 f5 26. Bf3 f4 27. Nb3 fxe3 28. Rxe3 Bh6 29. Rce1 Bxe3+ 30. Rxe3 Bc4 31. Nc5 Rxd4 32. Bxb7 Rd1+ 33. Kf2 Bd5 34. a6 Rd2+ 35. Ke1 Rxb2 36. Nd7 Rd8 37. Nf6+ Kg7 38. Nxd5 exd5 39. Re7+ Kf6 40. Rxh7 Re8+ 41. Kd1 Ree2 42. Rd7 Red2+ 43. Kc1 Rbc2+ 44. Kb1 d4 45. Bf3 d3 46. Rxa7 Rb2+ 47. Ka1 Ra2+ 48. Kb1 Rdb2+ 49. Kc1 d2+ 50. Kd1 Rb1+ 0-1

[Event "January 9 Late 2024"]
[Site "https://www.chess.com"]
[Date "2024.01.09"]
[Round "5"]
[White "Sowa, Ryan"]
[Black "Li, Tedric"]
[Result "1-0"]
[Board "62"]
[TimeControl "180+1"]
[WhiteFideId "30901693"]
[BlackFideId "3242897"]
[WhiteElo "2593"]
[BlackElo "2478"]
[WhiteTeam "USA"]
[BlackTeam "AUS"]
[WhiteClock "0:00:43"]
[BlackClock "0:00:02"]

1. Nf3 Nf6 2. b3 b6 3. Bb2 e6 4. g3 Bb7 5. Bg2 Be7 6. O-O O-O 7. c4 c5 8. d4 cxd4 9. Qxd4 Nc6 10. Qd3 d6 11. Nc3 a6 12. e4 Qc7 13. Rfd1 Rfd8 14. Rac1 Rac8 15. Nd5 exd5 16. cxd5 Qd7 17. dxc6 Rxc6 18. Rxc6 Qxc6 19. Nd4 Qd7 20. Nf5 d5 21. e5 Ne8 22. Nxe7+ Qxe7 23. Bd4 b5 24. f4 Rc8 25. Bf2 Nc7 26. Rc1 Qd7 27. h3 g6 28. Kh2 h5 29. h4 Kh7 30. Bh3 Ne6 31. Rxc8 Qxc8 32. f5 gxf5 33. Bxf5+ Kg7 34. Qe2 Qc3 35. Qxh5 Qxe5 36. Qh7+ Kf8 37. Qh6+ Qg7 38. Qxg7+ Kxg7 39. g4 Kf6 40. Kg3 Ke5 41. h5 d4 42. h6 Kf6 43. Kh4 Bd5 44. Bb1 a5 45. g5+ Nxg5 46. Bxd4+ Ke6 47. Kxg5 1-0

[Event "January 9 Late 2024"]
[Site "https://www.chess.com"]
[Date "2024.01.09"]
[Round "5"]
[White "Kochiev, Ivan"]
[Black "Naroditsky, Daniel"]
[Result "0-1"]
[Board "63"]
[TimeControl "180+1"]
[WhiteFideId "2917890"]
[BlackFideId "2026961"]
[WhiteElo "2601"]
[BlackElo "3136"]
[WhiteTeam "BUL"]
[BlackTeam "USA"]
[WhiteClock "0:00:00"]
[BlackClock "0:00:45"]

1. e4 Nf6 2. e5 Nd5 3. d4 d6 4. c4 Nb6 5. exd6 exd6 6. Nf3 Be7 7. Nc3 Bg4 8. Be2 O-O 9. O-O Re8 10. h3 Bh5 11. b3 Nc6 12. Be3 Bf6 13. Qd2 d5 14. c5 Nc8 15. b4 h6 16. b5 N6e7 17. a4 c6 18. Rab1 Bg6 19. Bd3 Nf5 20. bxc6 bxc6 21. Rb7 Nce7 22. Ne2 Qc8 23. Rfb1 Nxe3 24. Qxe3 Be4 25. Bxe4 dxe4 26. Qxe4 Nd5 27. Qd3 a5 28. R7b2 Qe6 29. Nc3 Nf4 30. Qd2 Qf5 31. Re1 Rxe1+ 32. Qxe1 Nxh3+ 33. Kh2 Nf4 34. Qe4 Qg4 35. Ne5 Bxe5 36. dxe5 Rd8 37. g3 Rd4 0-1

[Event "January 9 Late 2024"]
[Site "https://www.chess.com"]
[Date "2024.01.09"]
[Round "5"]
[White "Olenik Campa, Rudi"]
[Black "Erigaisi Arjun"]
[Result "0-1"]
[Board "64"]
[TimeControl "180+1"]
[WhiteFideId "14633264"]
[BlackFideId "35009192"]
[WhiteElo "2593"]
[BlackElo "3014"]
[WhiteTeam "SLO"]
[BlackTeam "IND"]
[WhiteClock "0:00:00"]
[BlackClock "0:00:16"]

1. e4 c6 2. Nc3 g6 3. d4 Bg7 4. Nf3 d5 5. h3 Nf6 6. Bd3 dxe4 7. Nxe4 Bf5 8. Qe2 O-O 9. O-O Bxe4 10. Bxe4 Nbd7 11. c4 Re8 12. Rd1 Qc7 13. Bd3 e5 14. dxe5 Nxe5 15. Nxe5 Rxe5 16. Qf3 Qb6 17. Bf4 Re6 18. Rab1 a5 19. b3 Rae8 20. Be3 Rxe3 21. fxe3 Rxe3 22. Qf2 Ng4 23. hxg4 Bd4 24. Kf1 Rxd3 25. Qf4 Rxd1+ 26. Rxd1 c5 27. Re1 Qd8 28. g5 Kg7 29. Rd1 Qe7 30. Rd3 Qe6 31. Rh3 b6 32. Rf3 Qe7 33. Rh3 Qd7 34. Rf3 a4 35. Rh3 axb3 36. axb3 Qa7 37. Qc1 Qa2 38. Rf3 Kg8 39. Qd1 Qa8 40. Qe1 Qd8 41. Qd2 Qe7 42. Qf4 Qa7 43. Qc1 Bg7 44. Qe1 Bf8 45. Qd1 Be7 46. Qd5 Bf8 47. Qd1 Qe7 48. Qd5 Qc7 49. Kf2 Bg7 50. Kf1 Be5 51. Qe4 Kg7 52. Qd5 Bd4 53. Qe4 Qa7 54. Qb1 Qe7 55. Qd1 Qxg5 56. Qe2 h5 57. Qe8 Qc1+ 58. Qe1 Qc2 0-1